 Dungeon Crawl Stone Soup version 0.29-a0-1030-gf5f8719cae (webtiles) character file.

Game seed: 176482168050057526

19 DungeonMaster the Charlatan (level 2, -1/21 HPs)
             Began as a Demonspawn Wanderer on Aug 13, 2022.
             Slain by an adder (3 damage)
             ... on level 2 of the Dungeon.
             The game lasted 00:01:14 (591 turns).

DungeonMaster the Charlatan (Demonspawn Wanderer)    Turns: 591, Time: 00:01:15

Health: -1/21      AC:  6    Str: 10    XL:     2   Next: 55%
Magic:  4/4        EV:  8    Int: 15    God:
Gold:   20         SH:  0    Dex: 12    Spells: 2/3 levels left

rFire   . . .      SeeInvis .   a - +1 dagger
rCold   . . .      Faith    .   (no shield)
rNeg    . . .      Spirit   .   b - +0 scale mail
rPois   .          Reflect  .   (no helmet)
rElec   .          Harm     .   (no cloak)
rCorr   .          Rampage  .   (no gloves)
Will    .....                   (no boots)
Stlth   ..........              (no amulet)
HPRegen 0.07/turn               (no ring)
MPRegen 0.09/turn               (no ring)

@: lethally poisoned (-1 -> -2), attractive
A: demonic magic 1
a: no special abilities


You were on level 2 of the Dungeon.
You visited 1 branch of the dungeon, and saw 2 of its levels.

You collected 20 gold pieces.

Inventory:

Hand Weapons
 a - a +1 dagger (weapon)
Missiles
 e - 8 stones
Armour
 b - a +0 scale mail (worn)
Wands
 d - a wand of polymorph (17)


   Skills:
 * Level 1.0 Fighting
 * Level 1.4 Armour
 * Level 2.1 Dodging
 - Level 1.0 Stealth
 * Level 1.4 Spellcasting
 - Level 1.7 Earth Magic
 - Level 3.0 Evocations


You had 2 spell levels left.
You knew the following spells:

 Your Spells              Type           Power      Damage    Failure   Level
a - Sandblast             Erth           12%        2d6       61%         1

Your spell library contained the following spells:

 Spells                   Type           Power      Damage    Failure   Level
 Stone Arrow              Conj/Erth      6%         3d7       98%         3


Dungeon Overview and Level Annotations

Branches:
Dungeon (1/15)

Altars:
Kikubaaqudgha


Innate Abilities, Weirdness & Mutations

Spells you cast may paralyse adjacent enemies.


Message History

You feel sick. The adder bites you.
You are more poisoned.
The adder poisons you!
You miss the adder.
The adder is heavily wounded.
You feel sick. The adder bites you but does no damage.
You miss the adder.
The adder is heavily wounded.
* * * LOW HITPOINT WARNING * * *
You feel sick.
The adder bites you but does no damage. x2
You closely miss the adder.
The adder is heavily wounded.
* * * LOW HITPOINT WARNING * * *
You feel sick. The adder closely misses you.
You hit the adder.
The adder is almost dead.
* * * LOW HITPOINT WARNING * * *
You feel sick. The adder barely misses you.
You miss the adder.
The adder is almost dead.
* * * LOW HITPOINT WARNING * * *
You feel sick. The adder bites you but does no damage.
The adder closely misses you.
Really quaff the potion of attraction? [Y]es or [N]o only, please.
Really quaff the potion of attraction? [Y]es or [N]o only, please.
Really quaff the potion of attraction? [Y]es or [N]o only, please.
Really quaff the potion of attraction? [Y]es or [N]o only, please.
Really quaff the potion of attraction?
You feel attractive to monsters.
* * * LOW HITPOINT WARNING * * *
You feel sick. The adder closely misses you.
You closely miss the adder.
The adder is almost dead.
* * * LOW HITPOINT WARNING * * *
You feel sick. The adder bites you.
You die...

#........### #.#
#..........## #.#
#.......##..###.#
#.......###...#†#
#..........##...### #
#.......##........### [.
#.......######J...J.#####
#.# ##...####
#S##.#.....#...# #.###
#@##.........# #.#
#.#######.?...# #.# ..#
...#....# ##.# ...#
#..#......... #..# ....#
#.##.###..### #.## ......
?[. ... .... #)#
.....####J >.# .... ##.#
...... . .## ...# #..#


You could see an adder and an endoplasm.

Vanquished Creatures
  An adder (D:2)
  A dart slug (D:2)
  A goblin (D:2)
  2 hobgoblins
  A quokka (D:2)
  2 ball pythons
  A kobold (D:1)
9 creatures vanquished.

Notes
Turn   | Place    | Note
-------+----------+-------------------------------------------
     0 | D:1      | DungeonMaster the Demonspawn Wanderer began the quest for
                  | the Orb.
     0 | D:1      | DungeonMaster set off with the following items: a +0
                  | dagger, a +0 scale mail, a potion of attraction, a wand of
                  | polymorph (17); and the following spell memorised:
                  | Sandblast; and the following spells available to memorise:
                  | Stone Arrow.
     0 | D:1      | Reached XP level 1. HP: 13/13 MP: 2/2
   143 | D:1      | You fall into a shaft and drop 1 floor!
   143 | D:2      | Found an ancient bone altar of Kikubaaqudgha.
   168 | D:2      | Gained mutation: Spells you cast may paralyse adjacent
                  | enemies. [demonic ancestry]
   168 | D:2      | Reached XP level 2. HP: 10/20 MP: 3/3
   559 | D:2      | Reached skill level 1 in Fighting
   591 | D:2      | Slain by an adder

Illustrated notes

Levels and vault maps discovered:
D:1:      saegor_arrival_under_anarchy, layout_loops_ring
D:2:      layout_rooms, serial_shops, nicolae_diamond_shop, basic_altar,
          minmay_pentomino_s2

Skill      XL: |  1  2 |
---------------+-------+-----
Dodging        | 2 |  2.1
Fighting       | 1 |  1.0
Armour         | |  1.4
Stealth        | |  1.0
Spellcasting   | |  1.4
Earth Magic    | |  1.7
Evocations     | |  3.0

Action                   || total
-------------------------++-------
Melee: Dagger            ||    45
  Use: Scroll            ||     1
       Potion            ||     1
Armor: Scale mail        ||    21
Dodge: Dodged            ||    15

Table legend: (Time is in decaauts)
 A = Elapsed time spent in this place.
 B = Non-inter-level travel time spent in this place.
 C = Inter-level travel time spent in this place.
 D = Time resting spent in this place.
 E = Time spent auto-exploring this place.
 F = Levels seen in this place.
 G = Mean time per level.
                   A        B        C        D        E       F      G
               +--------+--------+--------+--------+--------+-----+--------+
         Total |    590 |    590 |      0 |    271 |    217 |   2 |  295.0 |
       Dungeon |    590 |    590 |      0 |    271 |    217 |   2 |  295.0 |
               +--------+--------+--------+--------+--------+-----+--------+

Top non-repeatable levels by time:
     D:2: 447 daAuts
     D:1: 143 daAuts
